 Dungeon Crawl Stone Soup version 0.31.0-11-ge490571c62 (webtiles) character file.

Game seed: 3615954385007693469

24 qw the Shooter (level 2, -1/14 HPs)
             Began as a Spriggan Hunter on Feb 4, 2024.
             Succumbed to their own poison gas
             ... on level 1 of the Dungeon.
             The game lasted 00:00:01 (629 turns).

qw the Shooter (Spriggan Hunter)                     Turns: 629, Time: 00:00:02

Health: -1/14      AC:  2    Str:  7    XL:     2   Next: 79%
Magic:  3/3        EV: 19    Int: 10    God:
Gold:   39         SH:  0    Dex: 18    Spells: 1/1 levels left

rFire   . . .        a - +0 shortbow
rCold   . . .        (shield currently unavailable)
rNeg    . . .        c - +0 robe
rPois   .            (helmet restricted)
rElec   .            (no cloak)
rCorr   .            (gloves unavailable)
SInv    +            (boots unavailable)
Will    .....        (no amulet)
Stlth   ++           (no ring)
HPRegen 0.22/turn    (no ring)
MPRegen 0.08/turn

%: no passive effects
@: lethally poisoned (-1 -> -7), very quick
A: very small, no large weapons, unfitting armour, see invisible, speed 3
a: no special abilities


You were on level 1 of the Dungeon.
You visited 1 branch of the dungeon, and saw 1 of its levels.

You collected 39 gold pieces.


Innate Abilities, Weirdness & Mutations

You are very small and have problems with some larger weapons.
You are too small for most types of armour.
You have supernaturally acute eyesight. (SInv)
You cover ground extremely quickly. (Speed+++)


   Skills:
 - Level 1.5 Fighting
 + Level 4.3 Ranged Weapons
 - Level 4.0 Dodging
 - Level 1.5 Stealth


You had one spell level left.
You didn't know any spells.
Your spell library was empty.

Inventory:

Hand Weapons
 a - a +0 shortbow (weapon)
Armour
 c - a +0 robe (worn)
Potions
 d - a potion of mutation {unknown}

Dungeon Overview and Level Annotations

Branches:
Dungeon (1/15)

Altars:

Shops:
D:1 =


Message History

You kill the goblin!
A frilled lizard comes into view.
You shoot an arrow. The arrow hits the frilled lizard!
You kill the frilled lizard!
You see here a +2 dagger of venom.
A goblin comes into view. It is wielding a +0 dagger.
You shoot an arrow. The arrow hits the goblin!
You kill the goblin!
Done exploring.
Done exploring.
623 ||| READING scroll labelled YJYCSU NIVYRCH.
The air fills with toxic fumes!
As you read the scroll labelled YJYCSU NIVYRCH, it crumbles to dust.
It was a scroll of poison.
Done exploring.
624 ||| DROPPING scroll of butterflies.
You drop a scroll of butterflies.
Done exploring.
What level of the Dungeon? (default 1, ? - help) Sorry, I don't know how to get there.
Enter note:
Enter note:
Enter note:
Enter note:
Enter note:
Enter note:
Enter note:
Enter note:
Enter note: You are engulfed in poison gas.
You are lethally poisoned!
You feel very sick.
626 ||| Stepping ~*~*~tactically~*~*~ (cloud).
You feel sick.
You see here a scroll of butterflies.
There is a lethal amount of poison in your body!
You feel very sick.
There is a lethal amount of poison in your body!
You feel sick.
There is a lethal amount of poison in your body!
You die...

.....# #.....# #...........#
####.# ####.###.# #........#...
####.#####.....¤#.#####...##.#...
##.........##.#0¤....##¤..##.....
##.#.######....¤0.#..¤¤...######.
##.#.######.####0##.¤####># ##8.
..........#.####¤##0¤####.# #..\
.#.#.####.#.##¤¤¤0¤¤¤¤¤##.# #.8.
.#.#.####.#.##.#@##....##.# #...
.#.....##.....¤¤¤.#.#..##)# ##..
.###.#.##...¤0¤¤0.#....##########
.....#.##.¤¤¤¤00#.###..#8###8###8
####...)..¤¤¤¤¤¤#.# #...........#
###.##.¤¤00¤0#.###...........#
##.#.#.¤¤0¤¤¤#.#.....######..#
###.###%.........#.#.#.# ##..8
#..## ##.#########.#.#.# #...#


There were no monsters in sight!

Vanquished Creatures
  2 dart slugs (D:1)
  4 endoplasms (D:1)
  A giant cockroach (D:1)
  4 goblins (D:1)
  2 jackals (D:1)
  3 kobolds (D:1)
  A frilled lizard (D:1)
  A rat (D:1)
18 creatures vanquished.

Notes
Turn   | Place    | Note
-------+----------+-------------------------------------------
     0 | D:1      | qw the Spriggan Hunter began the quest for the Orb.
     0 | D:1      | Reached XP level 1. HP: 10/10 MP: 2/2
     0 | D:1      | 0 ||| qw: Version: 0.3-a-160-g6735b56
     0 | D:1      | 0 ||| qw: Game counter: 5208
     0 | D:1      | 0 ||| qw: Melee chars always use a shield: true
     0 | D:1      | 0 ||| qw: God list: Okawaru
     0 | D:1      | 0 ||| qw: Allow faded altars: false
     0 | D:1      | 0 ||| qw: Do Orc after clearing Dungeon:15 true
     0 | D:1      | 0 ||| qw: Do second Lair branch before Depths: true
     0 | D:1      | 0 ||| qw: Lair rune preference: random
     0 | D:1      | 0 ||| qw: Goals: Normal
     0 | D:1      | 0 ||| PLANNING D:1-11
    47 | D:1      | Reached skill level 3 in Dodging
   132 | D:1      | Found Wocw's Jewellery Boutique.
   156 | D:1      | 156 ||| SHOPLISTING +6 ring of dexterity (504 gold, have
                  | 10).
   156 | D:1      | 156 ||| SHOPLISTING +6 ring of strength (504 gold, have
                  | 10).
   156 | D:1      | 156 ||| SHOPLISTING amulet of Vitality {RegenMP++ Regen++}
                  | (1400 gold, have 10).
   156 | D:1      | 156 ||| SHOPLISTING amulet of guardian spirit (420 gold,
                  | have 10).
   156 | D:1      | 156 ||| SHOPLISTING amulet of the acrobat (420 gold, have
                  | 10).
   156 | D:1      | 156 ||| SHOPLISTING ring of protection from cold (350 gold,
                  | have 10).
   156 | D:1      | 156 ||| SHOPLISTING ring of resist corrosion (280 gold,
                  | have 10).
   218 | D:1      | Reached XP level 2. HP: 14/14 MP: 3/3
   623 | D:1      | 623 ||| READING scroll labelled YJYCSU NIVYRCH.
   624 | D:1      | 624 ||| DROPPING scroll of butterflies.
   626 | D:1      | 626 ||| Stepping ~*~*~tactically~*~*~ (cloud).
   627 | D:1      | HP: 3/14 [poisoned by you (poison gas)]
   628 | D:1      | HP: 1/14 [poisoned by you (poison gas)]
   629 | D:1      | Succumbed to their own poison gas

Levels and vault maps discovered:
D:1:      saegor_arrival_simple_c, layout_loops_cross, serial_shops,
          nicolae_shop_tiny_statue_garden, chequers_hall_statues_corner_a

Skill      XL: |  1  2 |
---------------+-------+-----
Dodging        | 3 4 |  4.0
Fighting       | |  1.5
Ranged Weapons | |  4.3
Stealth        | |  1.5

Action                     || total
---------------------------++-------
   Fire: Shortbow          ||    34
    Use: Scroll            ||     1
 Armour: Robe              ||     2
  Dodge: Dodged            ||     1

Table legend:
 A = Non-vault XP
 B = Vault XP
 C = Vault XP percentage of total XP
 D = Non-vault monster count
 E = Vault monster count
 F = Vault count percentage of total count
                 A         B        C        D         E       F
            +---------+---------+-------+---------+---------+-------
      Total |      35 |       0 |   0.0 |      18 |       0 |   0.0
            +---------+---------+-------+---------+---------+-------
        D:1 |      35 |       0 |   0.0 |      18 |       0 |   0.0
            +---------+---------+-------+---------+---------+-------
